 Dungeon Crawl Stone Soup version 0.28-b1-1-g3c77fb2ed1 (webtiles) character file.

Game seed: 2905445299228634851

31896 McKennaii the Devastator (level 13, -22/91 HPs)
             Began as a Demigod Conjurer on Jan 27, 2022.
             Shot with a bolt by an orc knight (30 damage)
             ... on level 14 of the Dungeon.
             The game lasted 00:47:42 (21246 turns).

McKennaii the Devastator (Demigod Conjurer)        Turns: 21246, Time: 00:47:43

Health: -22/91     AC: 13    Str:  8    XL:     13   Next: 1%
Magic:  17/34      EV: 11    Int: 36    God:
Gold:   205        SH:  0    Dex: 12    Spells: 29/36 levels left

rFire   + . .      SeeInvis .   P - staff of conjuration
rCold   . . .      Faith    .   (no shield)
rNeg    . . .      Spirit   .   y - +3 leather armour {rF+}
rPois   .          Reflect  .   (helmet restricted)
rElec   .          Harm     .   J - +1 cloak {Will+}
rCorr   +          Rampage  .   L - +2 pair of gloves {infuse}
Will    +++..                   Q - +0 pair of boots
Stlth   ++........              (no amulet)
HPRegen 0.25/turn               C - ring of resist corrosion
MPRegen 0.24/turn               D - ring of willpower

@: about to teleport
A: high mp 1, forlorn, divine attributes, horns 1
a: no special abilities


You were on level 14 of the Dungeon.
You visited 1 branch of the dungeon, and saw 14 of its levels.
You visited 1 bazaar.

You collected 679 gold pieces.
You spent 474 gold pieces at shops.

Inventory:

Armour
 g - a +2 buckler
 m - the +0 helmet of the Weaver {rPois MP+9 Int+4}
   (You took it off Robin on level 2 of the Dungeon)

   Int:       It affects your intelligence (+4).
   rPois:     It protects you from poison.
   MP:        It affects your magic capacity (+9).
 y - a +3 leather armour of fire resistance (worn)
 J - a +1 cloak of willpower (worn)
 L - a +2 pair of gloves of infusion (worn)
 Q - a +0 pair of boots (worn)
Magical Staves
 j - a staff of death
 O - a staff of fire
 P - a staff of conjuration (weapon)
Jewellery
 s - a ring of fire
 C - a ring of resist corrosion (left hand)
 D - a ring of willpower (right hand)
Wands
 r - a wand of flame (53)
 A - a wand of iceblast (13)
 H - a wand of polymorph (14)
Scrolls
 a - a scroll of brand weapon
 b - 3 scrolls of enchant weapon
 k - 4 scrolls of holy word
 o - a scroll of summoning
 q - 3 scrolls of vulnerability
 u - 2 scrolls of magic mapping
 v - 8 scrolls of teleportation
 w - 2 scrolls of fear {unknown}
 x - 2 scrolls of enchant armour {unknown}
 z - 2 scrolls of immolation {unknown}
 E - a scroll of torment {unknown}
 K - a scroll of fog {unknown}
Potions
 c - 5 potions of lignification
 d - 3 potions of magic
 e - 6 potions of brilliance
 f - 2 potions of might
 h - 3 potions of ambrosia
 i - 2 potions of mutation
 l - a potion of attraction {unknown}
 n - a potion of invisibility {unknown}
 p - 7 potions of curing
 B - a potion of berserk rage {unknown}
 F - a potion of resistance {unknown}
 I - 2 potions of degeneration {unknown}
 N - a potion of haste {unknown}


   Skills:
 - Level 2.0 Fighting
 - Level 4.0 Armour
 - Level 1.7 Dodging
 - Level 1.7 Stealth
 - Level 0.3 Unarmed Combat
 + Level 12.1 Spellcasting
 - Level 16.0 Conjurations
 - Level 2.0 Translocations


You had 29 spell levels left.
You knew the following spells:

 Your Spells              Type           Power      Damage    Failure   Level
a - Magic Dart            Conj           100%       1d8       0%          1
b - Searing Ray           Conj           100%       2d8       0%          2
c - Iskenderun's Mystic   Conj/Tloc      92%        2d18      1%          4

Your spell library contained the following spells:

 Spells                   Type           Power      Damage    Failure   Level
 Blink                    Tloc           72%        N/A       1%          2
 Dazzling Flash           Conj/Hex       100%       N/A       1%          3
 Fulminant Prism          Conj/Hex       43%        3d20      1%          4
 Slow                     Hex            84%        N/A       2%          1
 Lesser Beckoning         Tloc           36%        N/A       3%          3
 Confusing Touch          Hex            21%        N/A       8%          3
 Vampiric Draining        Necr           21%        2d7       8%          3
 Manifold Assault         Tloc           36%        N/A       32%         5
 Malign Gateway           Summ/Tloc      14%        N/A       100%        7
 Summon Horrible Things   Summ           10%        N/A       100%        8


Dungeon Overview and Level Annotations

Branches:
Dungeon (14/15)            Temple (0/1) D:7            Lair (0/6) D:10
    Orc (0/2) D:10         Vaults (0/5) D:13

Shops:
D:2 *   D:3 [   D:5 (*   D:6 (*   D:7 *   D:8 [

Portals:
Abyss: D:12

Annotations:
D:12 2 transporters, Stajl's ghost, journeyman MiFi


Innate Abilities, Weirdness & Mutations

You have an increased reservoir of magic. (+10% MP)
You shall have no god before yourself.
Your divine heritage dramatically boosts your attributes as you level up.
You have a pair of small horns on your head.


Message History

The skeletal warrior is severely damaged.
The searing ray hits the orc knight.
The orc knight is lightly wounded.
The skeletal warrior hits you with a +0 long sword!!
Unknown command.
Casting: Searing Ray (safe; 0% risk of failure)
Confirm with . or Enter, or press ? or * to list all spells.
You feel a surge of power!
You erupt in a blast of force!
The mystic blast hits the orc knight!
The orc knight is moderately wounded.
The orc knight is knocked back by the mystic blast.
The mystic blast hits the skeletal warrior!!
You destroy the skeletal warrior!
You have reached level 13!
The orc knight shoots a bolt.
The bolt hits you!
You see here a +0 long sword.
It was a potion of mutation.
You feel extremely strange. A pair of horns grows on your head!
The +0 helmet of the Weaver {rPois MP+9 Int+4} falls away!
The orc knight shoots a bolt.
The bolt hits you!!
* * * LOW HITPOINT WARNING * * *
It was a potion of heal wounds.
You feel much better.
Casting: Iskenderun's Mystic Blast (mildly dangerous; 1% risk of failure)
Confirm with . or Enter, or press ? or * to list all spells.
Aiming: Searing Ray (safe; 0% risk of failure)
Press: ? - help, Shift-Dir - straight line, f - orc knight
Aim: an orc knight, wielding a +0 arbalest, wearing a +0 plate armour and quivering bolts (moderately wounded, 83% to hit)
You feel a surge of power!
The searing ray hits the orc knight.
The orc knight is moderately wounded. (Press . to maintain the ray.)
The orc knight shoots a bolt.
The bolt hits you!!
* * * LOW HITPOINT WARNING * * *
You feel much better.
The orc knight shoots a bolt.
The bolt hits you!!
* * * LOW HITPOINT WARNING * * *
You feel much better.
The orc knight shoots a bolt.
The bolt hits you!!
* * * LOW HITPOINT WARNING * * *
Unknown command.
As you read the scroll of teleportation, it crumbles to dust.
You feel strangely unstable.
The orc knight shoots a bolt.
The bolt hits you!!
You die...

###..#'#.# .. #'#...#'#
#.####...##....... ##...#####..
#.##......'........ '......#....
#.##......##.......##......#....
#..#.......# ..... #.......#....
#..'.......####o####.......'....
#.##.......#.......#.......#....
#.##......##.......##......#....
#.##......'....@....'......#....
#.####...##.........##...#####..
#.# #'#.#...........#.#'#...#'#
#.. #.#####.......#####.......#
### #.# #.#+#...#'#.#..........
...##...#####[..##.........
..++......#......'....z....
#####......#......##.......#
.......#.......#.......#


You could see an orc knight.

Vanquished Creatures
  Erolcha (D:12)
  2 hydras
  4 boulder beetles
  2 death knights
  A centaur warrior (D:13)
  2 tengu warriors
  3 two-headed ogres
  2 skeletal warriors
  A phantasmal warrior (D:13)
  A necromancer (D:13)
  2 orc knights (D:10)
  A deep elf pyromancer (D:14)
  6 ugly things
  A manticore (D:13)
  2 cyclopes (D:13)
  7 slime creatures
  Maggie (D:8)
  2 unseen horrors (D:12)
  2 kobold demonologists
  2 freezing wraiths
  Psyche (D:12)
  A komodo dragon (D:12)
  3 tengu conjurers
  5 trolls
  Prince Ribbit (D:7)
  2 wraiths
  12 yaks
  A wyvern (D:10)
  3 shadows
  A hog (shapeshifter) (D:13)
  3 vampires
  A basilisk (D:10)
  3 vampire mosquitoes (D:11)
  Menkaure (D:6)
  Duvessa (D:4)
  Pargi (D:3)
  6 orc warriors
  2 black bears
  2 ice beasts
  A necrophage (D:5)
  4 ogres
  3 phantoms
  A wolf (D:6)
  8 centaurs
  2 kobold brigands (D:7)
  4 gnoll sergeants (D:6)
  3 scorpions
  2 water moccasin skeletons
  Dowan (D:4)
  8 killer bees
  8 wights (D:10)
  3 howler monkeys
  4 jellies
  2 bullfrog zombies (D:5)
  5 centaur zombies
  A bullfrog skeleton (D:7)
  4 gnoll shamans (D:6)
  9 hounds
  6 orc priests
  Jessica (D:2)
  An iguana (D:6)
  Ijyb (D:4)
  Terence (D:2)
  6 orc wizards
  A hound skeleton (D:4)
  2 howler monkey zombies
  Robin (D:2)
  33 gnolls
  6 adders
  2 shadow imps
  2 ufetubi
  An adder zombie (D:2)
  3 adder skeletons
  2 worms
  2 dart slugs (D:1)
  36 orcs
  9 bats
  7 endoplasms
  5 giant cockroaches
  14 goblins
  6 hobgoblins
  18 jackals
  2 quokkas (D:3)
  8 ball pythons
  4 frilled lizards
  A giant cockroach zombie (D:2)
  11 kobolds
  11 rats
371 creatures vanquished.

Vanquished Creatures (others)
  A fungus (D:10)
  3 plants (D:10)
  4 withered plants (D:2)
8 creatures vanquished.

Grand Total: 379 creatures vanquished

Notes
Turn   | Place    | Note
-------+----------+-------------------------------------------
     0 | D:1      | McKennaii the Demigod Conjurer began the quest for the Orb.
     0 | D:1      | Reached XP level 1. HP: 14/14 MP: 5/5
     2 | D:1      | Noticed a vampire
     2 | D:1      | Noticed a spriggan
     4 | D:1      | Noticed a draconian
     4 | D:1      | Noticed a gargoyle
     6 | D:1      | Noticed a felid
     8 | D:1      | Noticed a human
     8 | D:1      | Noticed a demigod
    10 | D:1      | Noticed a ghoul
    12 | D:1      | Noticed a demonspawn
    14 | D:1      | Noticed an octopode
    16 | D:1      | Noticed a vine stalker
    18 | D:1      | Noticed a minotaur
    18 | D:1      | Noticed a troll
    20 | D:1      | Noticed a tengu
    20 | D:1      | Noticed a formicid
    22 | D:1      | Noticed an ogre
    22 | D:1      | Noticed an elf
    24 | D:1      | Noticed a merfolk
    24 | D:1      | Noticed a naga
    26 | D:1      | Noticed a dwarf
   338 | D:1      | Reached XP level 2. HP: 20/20 MP: 4/8
   344 | D:1      | Learned a level 2 spell: Searing Ray
  1281 | D:1      | Reached XP level 3. HP: 26/26 MP: 7/10
  1648 | D:2      | Noticed Robin
  1803 | D:2      | Reached XP level 4. HP: 33/33 MP: 10/12
  2070 | D:2      | Identified the +0 helmet of the Weaver {rPois MP+9 Int+4}
  2075 | D:2      | Killed Robin
  2352 | D:2      | Noticed Terence
  2358 | D:2      | Killed Terence
  2409 | D:2      | Found Wadenod's Assorted Antiques.
  2454 | D:2      | Bought a scroll labelled HAMETOFUIS for 31 gold pieces
  2454 | D:2      | Bought a sapphire potion for 27 gold pieces
  2454 | D:2      | Bought a scroll labelled FEAGROUXZU for 31 gold pieces
  2653 | D:2      | Noticed Jessica
  2806 | D:3      | Reached XP level 5. HP: 37/38 MP: 15/15
  2882 | D:3      | Noticed an ogre
  2892 | D:3      | Killed an ogre
  2893 | D:3      | Reached skill level 5 in Spellcasting
  2981 | D:2      | Killed Jessica
  3010 | D:2      | Bought a scroll labelled PIAXUN WAXZE for 31 gold pieces
  3017 | D:2      | Learned a level 4 spell: Iskenderun's Mystic Blast
  3172 | D:3      | Found Tomit's Armour Shoppe.
  3623 | D:3      | Noticed Pargi
  3629 | D:3      | Killed Pargi
  3630 | D:3      | Reached XP level 6. HP: 46/46 MP: 18/18
  4040 | D:4      | Reached skill level 1 in Translocations
  4180 | D:4      | Noticed Ijyb
  4200 | D:4      | Killed Ijyb
  4201 | D:4      | Reached skill level 4 in Conjurations
  4201 | D:4      | Reached XP level 7. HP: 13/55 MP: 8/19
  4804 | D:4      | Noticed Duvessa
  4804 | D:4      | Noticed Dowan
  4809 | D:4      | Killed Dowan
  4815 | D:4      | Killed Duvessa
  4995 | D:5      | Entered Level 5 of the Dungeon
  5024 | D:5      | Reached skill level 5 in Conjurations
  5032 | D:5      | Reached skill level 1 in Armour
  5413 | D:5      | Reached XP level 8. HP: 61/61 MP: 20/20
  5440 | D:5      | Found Luucisoi's Weapon Shoppe.
  5518 | D:5      | Reached skill level 6 in Conjurations
  5968 | D:5      | Found Xeqev's General Store.
  6132 | D:6      | Reached skill level 7 in Conjurations
  6248 | D:6      | Noticed Menkaure
  6781 | D:6      | Reached skill level 8 in Conjurations
  6804 | D:6      | Found Labiu's General Store.
  7141 | D:6      | Reached XP level 9. HP: 67/67 MP: 21/21
  7339 | D:6      | Reached skill level 9 in Conjurations
  7660 | D:6      | Found Geurch's Antique Weapon Shoppe.
  8108 | D:6      | Killed Menkaure
  8304 | D:3      | Bought a +1 cloak of willpower for 165 gold pieces
  8654 | D:7      | Reached skill level 10 in Conjurations
  8861 | D:7      | Noticed Prince Ribbit
  8870 | D:7      | Killed Prince Ribbit
  9063 | D:7      | Found a staircase to the Ecumenical Temple.
  9204 | D:7      | Found Cucao's General Store.
  9594 | D:8      | Noticed Maggie
  9606 | D:8      | Killed Maggie
 10018 | D:8      | Found Rocyp's Armour Emporium.
 10330 | D:9      | Reached XP level 10. HP: 73/73 MP: 26/26
 11229 | D:10     | Entered Level 10 of the Dungeon
 11255 | D:10     | Reached skill level 10 in Spellcasting
 11689 | D:10     | Found a staircase to the Lair.
 11711 | D:10     | Noticed an orc knight
 11736 | D:10     | Killed an orc knight
 11737 | D:10     | Reached skill level 11 in Conjurations
 12199 | D:10     | Found a staircase to the Orcish Mines.
 12202 | D:10     | Noticed an orc knight
 12220 | D:10     | Killed an orc knight
 12221 | D:10     | Reached XP level 11. HP: 57/79 MP: 10/29
 12947 | D:6      | Bought a scroll of teleportation for 36 gold pieces
 12947 | D:6      | Bought a scroll of teleportation for 36 gold pieces
 12947 | D:6      | Bought a scroll of identify for 24 gold pieces
 12995 | D:5      | Bought a scroll of blinking for 82 gold pieces
 12995 | D:5      | Bought a scroll of noise for 11 gold pieces
 13135 | D:11     | Found a flickering gateway to a bazaar.
 13295 | D:11     | Reached skill level 12 in Conjurations
 13458 | D:11     | Noticed a two-headed ogre
 13462 | D:11     | Noticed a boulder beetle
 13469 | D:11     | Killed a two-headed ogre
 14109 | D:11     | Noticed an eight-headed hydra
 14402 | Bazaar   | Entered a bazaar
 14592 | Bazaar   | Found Ismeck's Jewellery Boutique.
 14614 | Bazaar   | Found Kiowk's Book Emporium.
 14635 | Bazaar   | Found Iru Boumm's Book Boutique.
 14655 | Bazaar   | Found Velosiah's Armour Shoppe.
 14998 | D:11     | Killed an eight-headed hydra
 15214 | D:12     | Noticed a two-headed ogre
 15220 | D:12     | Killed a two-headed ogre
 15221 | D:12     | Reached skill level 13 in Conjurations
 15299 | D:12     | Noticed a seven-headed hydra
 15312 | D:12     | Killed a seven-headed hydra
 15464 | D:12     | Noticed Erolcha
 15487 | D:12     | Killed Erolcha
 15542 | D:12     | Noticed a boulder beetle
 15868 | D:12     | Reached skill level 14 in Conjurations
 16129 | D:12     | Noticed a wizard
 16134 | D:12     | Found a transporter.
 16134 | D:12     | Noticed a large abomination
 16165 | D:12     | Found a transporter.
 16187 | D:12     | Killed a boulder beetle
 16425 | D:12     | Noticed a glowing orange brain
 16445 | D:12     | Found a one-way gate to the infinite horrors of the Abyss.
 16445 | D:12     | Noticed Stajl's ghost (journeyman MiFi)
 16655 | D:12     | Noticed Psyche
 16660 | D:12     | Killed Psyche
 16904 | D:13     | Noticed a skeletal warrior
 16911 | D:13     | Noticed a centaur warrior
 16914 | D:13     | Noticed a phantasmal warrior
 16916 | D:13     | Noticed a death knight
 16918 | D:13     | Killed a centaur warrior
 16919 | D:13     | Reached XP level 12. HP: 73/85 MP: 17/30
 17097 | D:13     | Reached skill level 15 in Conjurations
 17950 | D:13     | Found a gate to the Vaults.
 18106 | D:13     | Reached skill level 16 in Conjurations
 18587 | D:13     | Noticed a boulder beetle
 18598 | D:13     | Killed a boulder beetle
 18926 | D:13     | Killed a death knight
 19435 | D:14     | HP: 2/85 [orc knight/bolt (21)]
 19866 | D:14     | Noticed a boulder beetle
 19874 | D:14     | Killed a boulder beetle
 20002 | D:14     | Noticed a death knight
 20152 | D:14     | Noticed a boulder beetle
 20183 | D:14     | Killed a boulder beetle
 21005 | D:14     | Killed a death knight
 21240 | D:14     | Reached XP level 13. HP: 57/91 MP: 17/34
 21241 | D:14     | Gained mutation: You have a pair of small horns on your
                  | head. [potion of mutation]
 21246 | D:14     | Shot with a bolt by an orc knight

Illustrated notes

Levels and vault maps discovered:
D:1:      kb_arrival_jail, layout_basic, dilly_ecumenical_altar_fadedgnrine
D:2:      layout_loops_ring, serial_shops, nicolae_shop_statue_plus,
          serial_undead, serial_undead_d, serial_undead_b, serial_undead_d,
          serial_undead_b, minmay_misc_feat_hallway, minmay_heptomino_l4,
          uniq_terence, uniq_robin, uniq_jessica
D:3:      layout_basic, serial_shops,
          nicolae_shop_temple_entry_statues_fountains, uniq_pargi
D:4:      layout_gridville, overflow_temple_1_default, uniq_ijyb, uniq_duvessa
D:5:      layout_basic, serial_shops, shop_fountains, minivault_27,
          kennysheep_small_square
D:6:      layout_cave_pools, serial_shops, kennysheep_mini_moat,
          serial_gnoll_camp, gnoll_camp_mini_shop, gnoll_camp_medium_02,
          gnoll_camp_medium_01, gnoll_camp_mini_doghouse, gnoll_camp_huts_basic,
          uniq_menkaure
D:7:      layout_loops_ring, minmay_temple_entry_antechambers, serial_shops,
          shop, uniq_prince_ribbit1
D:8:      layout_rooms, serial_shops, kennysheep_mini, uniq_maggie
D:9:      layout_gridville
D:10:     layout_rooms, david_lair_generic, david_orc_5
D:11:     layout_gridville, serial_shops, bzr_in_the_mist
D:12:     layout_irregular_city, gammafunk_ghost_abyssal_escape, uniq_psyche,
          uniq_erolcha
D:13:     layout_irregular_city, david_vaults_1
D:14:     nicolae_cairo_tiling_very_big, layout_stronghold,
          nicolae_ru_sacrificial_ziggurat, slow_altar_2

Skill      XL: |  1  2  3  4  5  6  7  8  9 10 11 12 |
---------------+-------------------------------------+-----
Spellcasting   | 2 3 4 5 6 8 10 12 | 12.1
Fighting       | 2 |  2.0
Translocations | 1 2 |  2.0
Conjurations   | 4 5 8 10 11 14 16 | 16.0
Armour         | 2 4 |  4.0
Dodging        | |  1.7
Stealth        | |  1.7
Unarmed Combat | |  0.3

Action                   |  1- 3 |  4- 6 |  7- 9 | 10-12 | 13-15 || total
-------------------------+-------+-------+-------+-------+-------++-------
Melee: Unarmed           |    13 |       |       |       |       ||    13
       Punch             |     1 |       |       |       |       ||     1
       Staff             |       |       |       |     3 |       ||     3
 Cast: Magic Dart        |    81 |   114 |   239 |   212 |       ||   646
       Searing Ray       |     3 |    16 |    62 |   125 |     1 ||   207
       Iskenderun's Myst |       |       |    18 |   188 |       ||   206
Evoke: Wand              |       |       |     1 |    15 |       ||    16
  Use: Scroll            |       |       |       |    13 |     1 ||    14
       Potion            |       |       |       |     1 |     4 ||     5
Armor: Robe              |     4 |     2 |     1 |       |       ||     7
       Leather armour    |       |       |    32 |    79 |       ||   111
Dodge: Dodged            |    13 |    10 |    77 |    75 |       ||   175
